 Dungeon Crawl Stone Soup version 0.24-a0-778-g74da537585 (webtiles) character file.

Game seed: 14247927839759567282, levelgen mode: deterministic

1291 Ablot the Charmwright (level 8, 0/64 HPs)
             Began as a Gnoll Skald on Oct 7, 2019.
             Slain by an orc warrior
             ... wielding a +3 hand axe of chopping
              (1 damage)
             ... on level 6 of the Dungeon.
             The game lasted 00:17:21 (4848 turns).

Ablot the Charmwright (Gnoll Skald)                 Turns: 4848, Time: 00:17:22

Health: 0/64       AC:  7    Str: 16    XL:     8   Next: 55%
Magic:  5/17       EV: 15    Int: 15    God:
Gold:   191        SH:  0    Dex: 15    Spells: 5/19 levels left

rFire    . . .     SeeInvis .   t - +1 whip (elec)
rCold    . . .     Gourm    .   (no shield)
rNeg     . . .     Faith    .   b - +0 leather armour
rPois    .         Spirit   .   o - +0 helmet
rElec    .         Reflect  .   H - +2 cloak
rCorr    .         Harm     .   (no gloves)
MR       .....                  (no boots)
Stlth    +++.......             (no amulet)
HPRegen  0.20/turn              i - ring of stealth
MPRegen  0.15/turn              (no ring)

@: shrouded, singing, very slightly contaminated
A: distributed training, fangs 1, strong nose
a: no special abilities


You were on level 6 of the Dungeon.
You were hungry.

You visited 1 branch of the dungeon, and saw 7 of its levels.
You also visited: Sewer.

You collected 371 gold pieces.
You spent 180 gold pieces at shops.

Inventory:

Hand Weapons
 a - a +0 spear
 t - a +1 whip of electrocution (weapon)
Missiles
 e - 66 bolts
 h - 160 stones
 r - 67 sling bullets
 s - 93 arrows
 w - 5 curare-tipped darts
 y - 40 poisoned darts (quivered)
 F - 3 javelins
Armour
 b - a +0 leather armour (worn)
 o - a +0 helmet (worn)
 H - a +2 cloak (worn)
Jewellery
 i - a ring of stealth (left hand)
Wands
 n - a wand of flame (18)
Scrolls
 g - 3 scrolls of remove curse {unknown}
 j - 5 scrolls of teleportation
 l - a scroll of fear {unknown}
 m - a scroll of enchant weapon {unknown}
 q - a scroll of blinking {unknown}
 u - a scroll of enchant armour {unknown}
 C - a scroll of holy word {unknown}
 E - a scroll of amnesia {unknown}
Potions
 c - 4 potions of curing
 f - 2 potions of agility
 k - a potion of heal wounds {unknown}
 p - 2 potions of brilliance {unknown}
 x - a potion of haste {unknown}
 z - 5 potions of might
 A - a potion of flight {unknown}
 D - a potion of lignification {unknown}
 G - a potion of resistance {unknown}
Comestibles
 d - 9 rations


   Skills:
 + Level 5.7 Fighting
 + Level 3.3 Short Blades
 + Level 3.3 Long Blades
 + Level 3.3 Axes
 + Level 3.3 Maces & Flails
 + Level 5.7 Polearms
 + Level 3.3 Staves
 + Level 3.3 Slings
 + Level 3.3 Bows
 + Level 3.3 Crossbows
 + Level 3.3 Throwing
 + Level 4.2 Armour
 + Level 5.7 Dodging
 + Level 3.3 Stealth
 + Level 3.3 Shields
 + Level 3.3 Unarmed Combat
 + Level 6.0 Spellcasting
 + Level 2.7 Conjurations
 + Level 2.7 Hexes
 + Level 6.1 Charms
 + Level 2.7 Summonings
 + Level 2.7 Necromancy
 + Level 2.7 Translocations
 + Level 2.7 Transmutations
 + Level 2.7 Fire Magic
 + Level 2.7 Ice Magic
 + Level 2.7 Air Magic
 + Level 2.7 Earth Magic
 + Level 2.7 Poison Magic
 + Level 3.6 Invocations
 + Level 3.3 Evocations


You had 5 spell levels left.
You knew the following spells:

 Your Spells              Type           Power        Failure   Level  Hunger
a - Infusion              Chrm           ###.         1%          1    None
b - Song of Slaying       Chrm           ###.....     1%          2    #......
c - Shroud of Golubria    Chrm/Tloc      ###...       4%          2    #......
d - Regeneration          Chrm/Necr      ###.......   9%          3    ##.....
e - Spectral Weapon       Hex/Chrm       ###.....     9%          3    ##.....
f - Conjure Flame         Conj/Fire      ##......     17%         3    ##.....

Your spell library contained the following spells:

 Spells                   Type           Power        Failure   Level  Hunger
 Flame Tongue             Conj/Fire      ##...        6%          1    None
 Throw Flame              Conj/Fire      ##....       9%          2    #......
 Inner Flame              Hex/Fire       ##......     17%         3    ##.....
 Sticky Flame             Conj/Fire      ##......     50%         4    ####...
 Fireball                 Conj/Fire      ##........   85%         5    ######.


Dungeon Overview and Level Annotations

Branches:
Dungeon (7/15)              Sewer (visited)
 Temple: D:4-7

Altars:
Cheibriados
Dithmenos
Gozag
Trog
Xom
The Shining One

Shops:
D:5 [}=(


Innate Abilities, Weirdness & Mutations

Your experience applies equally to all skills.
You have very sharp teeth.
Your uncanny sense of smell can sniff out nearby items.


Message History

Unknown command.
You hit the orc. Lightning courses through the orc!
You kill the orc!
The orc warrior hits you with a +3 hand axe of chopping.
* * * LOW HITPOINT WARNING * * *
x2 Unknown command.
The orc warrior closely misses you. The orc priest barely misses you.
You see here a +0 flail.
You hit the orc priest.
Lightning courses through the orc priest!
You kill the orc priest!
The orc warrior hits you with a +3 hand axe of chopping!
* * * LOW HITPOINT WARNING * * *
x2 Unknown command.
Casting: Spectral Weapon (safe; 9% risk of failure)
Confirm with . or Enter, or press ? or * to list all spells.
Space distorts slightly along a thin shroud covering your body.
The orc warrior hits you with a +3 hand axe of chopping.
* * * LOW HITPOINT WARNING * * *
You die...

.....#####..........#
#..... #..........###
#....................##
........##(........#..##
.......##........####..#
.......##....o#..##....##
.. .....###........#
.....###...#....#
<.$....#@o!###.##
.......†)..# ##
##........## ....#.#####
#.. ## #


You could see an orc warrior.

Vanquished Creatures
  3 ogres
  2 centaurs (D:5)
  A scorpion (D:4)
  A crimson imp (D:5)
  A hound (D:5)
  2 orc priests
  A bullfrog skeleton (D:5)
  6 orc wizards
  An iguana (D:7)
  5 worker ants
  Robin (D:2)
  A worker ant zombie (D:6)
  15 adders
  4 river rats (D:4)
  A shadow imp (D:5)
  An ooze (D:7)
  An adder skeleton (D:5)
  5 worms
  4 dart slugs
  4 leopard geckos
  17 orcs
  7 giant cockroaches
  18 goblins
  12 hobgoblins
  5 jackals
  18 kobolds
  A quokka (D:2)
  6 ball pythons
  5 bats
  5 frilled lizards
  A leopard gecko skeleton (D:4)
  A quokka skeleton (D:5)
  A quokka zombie (D:7)
  7 rats
164 creatures vanquished.

Vanquished Creatures (others)
  2 spectral weapons (D:6)
2 creatures vanquished.

Grand Total: 166 creatures vanquished

Notes
Turn   | Place    | Note
-------+----------+-------------------------------------------
     0 | D:1      | Ablot the Gnoll Skald began the quest for the Orb.
     0 | D:1      | Reached XP level 1. HP: 20/20 MP: 6/6
    86 | D:1      | Reached XP level 2. HP: 20/26 MP: 7/7
    90 | D:1      | Learned a level 2 spell: Song of Slaying
    93 | D:1      | Learned a level 2 spell: Shroud of Golubria
   212 | D:1      | Reached XP level 3. HP: 25/31 MP: 9/9
   223 | D:1      | Reached skill level 5 in Spellcasting
   281 | D:1      | Learned a level 3 spell: Regeneration
   285 | D:1      | Learned a level 3 spell: Spectral Weapon
   481 | D:2      | Noticed Robin
   493 | D:2      | Reached skill level 1 in Invocations
   497 | D:2      | Killed Robin
   498 | D:2      | Reached skill level 1 in Short Blades
   498 | D:2      | Reached skill level 1 in Long Blades
   498 | D:2      | Reached skill level 1 in Axes
   498 | D:2      | Reached skill level 1 in Maces & Flails
   498 | D:2      | Reached skill level 1 in Staves
   498 | D:2      | Reached skill level 1 in Slings
   498 | D:2      | Reached skill level 1 in Bows
   498 | D:2      | Reached skill level 1 in Crossbows
   498 | D:2      | Reached skill level 1 in Throwing
   498 | D:2      | Reached skill level 1 in Stealth
   498 | D:2      | Reached skill level 1 in Shields
   498 | D:2      | Reached skill level 1 in Unarmed Combat
   498 | D:2      | Reached skill level 1 in Evocations
   502 | D:2      | Reached XP level 4. HP: 21/38 MP: 3/11
   795 | D:2      | Reached skill level 1 in Conjurations
   795 | D:2      | Reached skill level 1 in Hexes
   795 | D:2      | Reached skill level 1 in Summonings
   795 | D:2      | Reached skill level 1 in Necromancy
   795 | D:2      | Reached skill level 1 in Translocations
   795 | D:2      | Reached skill level 1 in Transmutations
   795 | D:2      | Reached skill level 1 in Fire Magic
   795 | D:2      | Reached skill level 1 in Ice Magic
   795 | D:2      | Reached skill level 1 in Air Magic
   795 | D:2      | Reached skill level 1 in Earth Magic
   795 | D:2      | Reached skill level 1 in Poison Magic
  1130 | D:2      | Found a shadowy altar of Dithmenos.
  1429 | D:3      | Reached XP level 5. HP: 42/43 MP: 8/12
  2043 | D:4      | Reached XP level 6. HP: 23/50 MP: 5/13
  2061 | D:4      | Found a glowing drain.
  2127 | Sewer    | Entered a sewer
  2858 | D:4      | Reached skill level 5 in Fighting
  2858 | D:4      | Reached skill level 5 in Polearms
  2858 | D:4      | Reached skill level 5 in Dodging
  2893 | D:4      | Found a snail-covered altar of Cheibriados.
  2918 | D:4      | Reached XP level 7. HP: 53/56 MP: 15/15
  3548 | D:5      | Entered Level 5 of the Dungeon
  3643 | D:5      | You fall into a shaft and drop 2 floors!
  3644 | D:7      | Noticed a wyvern
  3935 | D:6      | Found a bloodstained altar of Trog.
  3952 | D:6      | Reached XP level 8. HP: 53/63 MP: 16/16
  3976 | D:6      | Found an opulent altar of Gozag.
  4141 | D:5      | Learned a level 3 spell: Conjure Flame
  4146 | D:5      | Found Jannep's Jewellery Emporium.
  4342 | D:5      | Found Zugepna's Antique Weapon Boutique.
  4413 | D:5      | Found Zyef Lair's Antique Armour Boutique.
  4416 | D:5      | Bought an embroidered cloak for 180 gold pieces
  4573 | D:5      | Found Ope Xosm's Gadget Shop.
  4734 | D:5      | Found a shimmering altar of Xom.
  4740 | D:5      | Found a glowing golden altar of the Shining One.
  4847 | D:6      | HP: 3/64 [orc warrior/+3 hand axe of chopping (3)]
  4848 | D:6      | HP: 1/64 [orc warrior/+3 hand axe of chopping (2)]
  4848 | D:6      | Slain by an orc warrior

Levels and vault maps discovered:
D:1:      lemuel_arrival_broad_hall, layout_basic
D:2:      layout_basic, nicolae_dithmenos_through_a_glass_darkly, uniq_robin
D:3:      layout_basic, first_ration
D:4:      layout_basic, cheibriados_altar_1, lightli_sewer_entry_pipes,
          palyth_stone_intersect, kennysheep_generic_room_9
D:5:      layout_loops_ring, gammafunk_temple_overflow_statue, serial_shops,
          kennysheep_mini, shop, nicolae_shop_stone, nicolae_shop_behind_doors,
          minmay_misc_feat_x
D:6:      kennysheep_six_static_rooms, layout_cave_pools,
          grunt_gozag_breadcrumbs, serial_shops,
          nicolae_shop_competitors_out_of_business, st_stairs_9,
          trog_three_pillars_becter
D:7:      layout_loops_ring, grunt_temple_overflow_order_and_chaos_2,
          minmay_temple_entry_stoned_glass, xom_shifter_show

Skill      XL: |  1  2  3  4  5  6  7  8 |
---------------+-------------------------+-----
Spellcasting   | 5 6 |  6.0
Invocations    | 1 2 3 |  3.6
Short Blades   | 1 2 3 |  3.3
Long Blades    | 1 2 3 |  3.3
Axes           | 1 2 3 |  3.3
Maces & Flails | 1 2 3 |  3.3
Staves         | 1 2 3 |  3.3
Slings         | 1 2 3 |  3.3
Bows           | 1 2 3 |  3.3
Crossbows      | 1 2 3 |  3.3
Throwing       | 1 2 3 |  3.3
Stealth        | 1 2 3 |  3.3
Shields        | 1 2 3 |  3.3
Unarmed Combat | 1 2 3 |  3.3
Evocations     | 1 2 3 |  3.3
Conjurations   | 1 2 |  2.7
Hexes          | 1 2 |  2.7
Summonings     | 1 2 |  2.7
Necromancy     | 1 2 |  2.7
Translocations | 1 2 |  2.7
Transmutations | 1 2 |  2.7
Fire Magic     | 1 2 |  2.7
Ice Magic      | 1 2 |  2.7
Air Magic      | 1 2 |  2.7
Earth Magic    | 1 2 |  2.7
Poison Magic   | 1 2 |  2.7
Armour         | 3 4 |  4.2
Fighting       | 5 |  5.7
Polearms       | 5 |  5.7
Dodging        | 5 |  5.7
Charms         | 6 |  6.1

Action                   |  1- 3 |  4- 6 |  7- 9 || total
-------------------------+-------+-------+-------++-------
Melee: Spear             |   109 |   140 |       ||   249
       Bite              |    13 |    13 |    20 ||    46
       Punch             |     1 |     1 |     1 ||     3
       Whip              |       |   146 |   158 ||   304
 Cast: Shroud of Golubri |     2 |     9 |    10 ||    21
       Song of Slaying   |     2 |     1 |     2 ||     5
       Spectral Weapon   |     1 |     5 |     8 ||    14
       Regeneration      |       |     4 |     8 ||    12
  Use: Scroll            |       |     3 |     1 ||     4
 Stab: Sleeping          |     1 |     8 |    10 ||    19
  Eat: Chunk             |       |     9 |     7 ||    16
Armor: Leather armour    |    22 |    40 |    26 ||    88
Dodge: Dodged            |    59 |   162 |    95 ||   316

Table legend:
 A = Non-vault XP
 B = Vault XP
 C = Vault XP percentage of total XP
 D = Non-vault monster count
 E = Vault monster count
 F = Vault count percentage of total count
                 A         B        C        D         E       F
            +---------+---------+-------+---------+---------+-------
      Total |    1569 |     276 |  15.0 |     119 |      45 |  27.4
            +---------+---------+-------+---------+---------+-------
        D:1 |      48 |       0 |   0.0 |      22 |       0 |   0.0
        D:2 |      52 |      40 |  43.5 |      18 |      13 |  41.9
        D:3 |     129 |       0 |   0.0 |      22 |       0 |   0.0
        D:4 |     244 |     194 |  44.3 |      18 |      10 |  35.7
        D:5 |     831 |       0 |   0.0 |      28 |       0 |   0.0
        D:6 |     184 |       0 |   0.0 |       7 |       0 |   0.0
        D:7 |      81 |       0 |   0.0 |       4 |       0 |   0.0
      Sewer |       0 |      42 | 100.0 |       0 |      22 | 100.0
            +---------+---------+-------+---------+---------+-------
